[Event "Titled Tuesday Blitz May 9 Early 2023"]
[White "Garagulya, Konstantin"]
[Black "Antal, Gergely"]
[WhiteFideId "4128931"]
[BlackFideId "717312"]
[WhiteElo "2329"]
[BlackElo "2471"]
[Result "0-1"]
[Round "03"]
[TimeControl "180+2"]
[Date "2023.05.09"]
[WhiteClock "0:00:00"]
[BlackClock "0:00:04"]

1. d4 f5 2. g3 Nf6 3. Bg2 e6 4. Nh3 d5 5. c4 Bd6 6. O-O O-O 7. Bf4 Be7 8. Nc3 c6 9. f3 h6 10. Nf2 dxc4 11. e4 b5 12. a4 b4 13. Ne2 Ba6 14. Qc2 Nbd7 15. Rfd1 Qa5 16. Be3 fxe4 17. fxe4 e5 18. Bh3 Rad8 19. Be6+ Kh8 20. Ng4 Nxg4 21. Bxg4 exd4 22. Nxd4 Ne5 23. Be2 Bc5 24. Kh1 c3 25. Bxa6 Qxa6 26. bxc3 Ng4 27. Bg1 Bxd4 28. cxd4 Qb7 29. a5 c5 30. d5 Rfe8 31. Rab1 Qf7 32. Rf1 Qg6 33. Rf4 Rxd5 34. Rxg4 Qxg4 35. exd5 Qf3+ 36. Qg2 Qf5 37. Rf1 Qg6 38. Bxc5 b3 39. Bd4 Qd3 40. Qf2 Qe4+ 41. Kg1 Qxd5 42. Bb2 Qxa5 43. Qf7 Qc5+ 44. Rf2 Rg8 45. Qxb3 Rf8 46. Qc2 Qb6 47. Qd2 a5 48. Qxh6+ Qxh6 49. Rxf8+ Kh7 50. Rf4 Qb6+ 0-1


[Site "https://www.chess.com"]

[Event "Titled Tuesday Blitz May 9 Early 2023"]
[White "Veiga, Jose Francisco R P Neves"]
[Black "Pinto, Daniel"]
[WhiteFideId "1930087"]
[BlackFideId "3303144"]
[WhiteElo "2320"]
[BlackElo "2145"]
[Result "1-0"]
[Round "03"]
[TimeControl "180+2"]
[Date "2023.05.09"]
[WhiteClock "0:00:23"]
[BlackClock "0:00:00"]

1. e4 e5 2. Nf3 Nc6 3. d4 exd4 4. Nxd4 Nf6 5. Nc3 Bb4 6. Nxc6 bxc6 7. Bd3 O-O 8. O-O d5 9. exd5 cxd5 10. Bg5 c6 11. Qf3 h6 12. Bxf6 Qxf6 13. Qxf6 gxf6 14. Ne2 Bd6 15. Rfe1 Be5 16. c3 Rb8 17. b4 Bd7 18. f4 Bd6 19. g3 c5 20. a3 a5 21. bxa5 c4 22. Bc2 Rb2 23. Nd4 Bc5 24. Re2 Ra8 25. Bh7+ Kxh7 26. Rxb2 Rxa5 27. Kg2 Bxd4 28. cxd4 Bf5 29. a4 Bd7 30. Rb7 Rxa4 31. Rxa4 Bxa4 32. Rxf7+ Kg6 33. Rc7 h5 34. Kf3 Bd1+ 35. Ke3 Bc2 36. Kd2 Be4 37. Kc3 Kf5 38. Rg7 Bg2 39. Rh7 Kg4 40. Rh6 f5 41. Rg6+ Kh3 42. Rg5 Kxh2 43. Rxh5+ Kxg3 44. Rxf5 Be4 45. Rf8 Kg4 46. Kb4 Bf5 47. Kc5 Kxf4 48. Kxd5 c3 49. Rf7 c2 50. Rc7 Ke3 51. Ke5 Be4 52. d5 Bxd5 53. Rxc2 Kd3 54. Rh2 Bb3 55. Rh3+ Kc2 56. Kd4 Kb2 57. Rh2+ Ka1 58. Kc3 Ba2 59. Rb2 Bb1 60. Rb8 Ba2 61. Ra8 Kb1 62. Ra7 Ka1 63. Rg7 Bb1 64. Rb7 Ba2 65. Kc2 Bd5 66. Rb4 Ba2 67. Kc1 Bd5 68. Rb1+ Ka2 69. Rb5 Bc4 70. Rb4 Bb3 71. Rb8 Bc4 72. Kc2 Ka3 73. Kc3 1-0


[Site "https://www.chess.com"]

[Event "Titled Tuesday Blitz May 9 Early 2023"]
[White "Topalov, Aleksandar"]
[Black "Berezin, Viktor"]
[WhiteFideId "925659"]
[BlackFideId "14107872"]
[WhiteElo "2151"]
[BlackElo "2310"]
[Result "0-1"]
[Round "03"]
[TimeControl "180+2"]
[Date "2023.05.09"]
[WhiteClock "0:00:07"]
[BlackClock "0:00:02"]

1. b3 e5 2. Bb2 d6 3. d4 exd4 4. Qxd4 Nf6 5. Nc3 Be7 6. O-O-O O-O 7. Nd5 Nc6 8. Nxe7+ Qxe7 9. Qh4 Ne4 10. Qf4 a5 11. g3 a4 12. Bg2 Ng5 13. Nf3 Ne6 14. Qd2 axb3 15. axb3 Nc5 16. Nd4 Nxd4 17. Qxd4 f6 18. e4 Be6 19. Kb1 Ra6 20. f4 Rfa8 21. e5 fxe5 22. fxe5 Bf5 23. exd6 Rxd6 24. Qc4+ Kh8 25. Rxd6 cxd6 26. Rf1 Be6 27. Qd4 Rc8 28. Rd1 Rd8 29. Bd5 Bf5 30. h4 h6 31. g4 Bh7 32. g5 hxg5 33. hxg5 Ne4 34. Rh1 Nxg5 35. Qh4 Rc8 36. Rh2 Rf8 37. Rh1 Rc8 38. Rh2 Rf8 39. Bc1 Qe5 40. Qxh7+ Nxh7 41. Rg2 Qxd5 42. Bb2 Qxg2 43. Bxg7+ Qxg7 0-1


[Site "https://www.chess.com"]

[Event "Titled Tuesday Blitz May 9 Early 2023"]
[White "Gontcharov, Vladislav"]
[Black "Fernandez Garcia, Gumersindo"]
[WhiteFideId "4123492"]
[BlackFideId "24516740"]
[WhiteElo "2420"]
[BlackElo "2093"]
[Result "0-1"]
[Round "03"]
[TimeControl "180+2"]
[Date "2023.05.09"]
[WhiteClock "0:00:16"]
[BlackClock "0:00:20"]

1. e4 c5 2. Nf3 e6 3. d4 cxd4 4. Nxd4 Nc6 5. Nc3 Nf6 6. Ndb5 Bb4 7. a3 Bxc3+ 8. Nxc3 d5 9. exd5 exd5 10. Bd3 O-O 11. O-O Bg4 12. Ne2 Re8 13. h3 Bh5 14. Bg5 Qd6 15. g4 Bg6 16. Ng3 Rad8 17. Nf5 Bxf5 18. Bxf5 Ne7 19. Bd3 Qe5 20. Be3 b6 21. Re1 Ng6 22. c3 Nf4 23. Bf1 h5 24. Qf3 Ng6 25. Bxb6 axb6 26. Rxe5 Rxe5 27. gxh5 Rxh5 28. Rd1 Rg5+ 29. Kh2 Re8 30. c4 dxc4 31. Bxc4 Ne5 32. Qe2 Neg4+ 33. hxg4 Rxe2 34. Bxe2 Nxg4+ 35. Bxg4 Rxg4 36. Rd6 b5 37. Rd5 b4 38. a4 b3 39. a5 Ra4 40. Rb5 Ra2 41. Rxb3 Rxa5 42. Rb8+ Kh7 43. Rb6 g6 44. b4 Ra2 45. Kg3 Rb2 46. Kf3 Kh6 47. Ke3 f5 48. f4 Kh5 49. Kd4 Kg4 50. Rxg6+ Kxf4 51. Kc5 Ke3 52. Re6+ Kf3 53. Rd6 f4 54. b5 Kg2 55. Rg6+ Kf2 56. Rg4 f3 57. Rb4 Rxb4 58. Kxb4 Kg2 59. b6 f2 60. Kc5 f1=Q 61. Kd6 Qf8+ 62. Kc7 Qe7+ 63. Kc8 Qc5+ 64. Kb7 Kf3 65. Ka8 Qa5+ 66. Kb7 Ke4 67. Kc6 Qc3+ 68. Kb5 Qb3+ 69. Kc6 Qd5+ 70. Kc7 Qc5+ 71. Kb7 Kd5 72. Ka8 Qa5+ 0-1


[Site "https://www.chess.com"]

[Event "Titled Tuesday Blitz May 9 Early 2023"]
[White "feuervogel1000000"]
[Black "Frolyanov, Dmitry"]
[BlackFideId "4151976"]
[WhiteElo "2435"]
[BlackElo "2395"]
[Result "1-0"]
[Round "03"]
[TimeControl "180+2"]
[Date "2023.05.09"]
[WhiteClock "0:00:55"]
[BlackClock "0:00:00"]

1. e4 e5 2. Nf3 Nf6 3. Nxe5 d6 4. Nf3 Nxe4 5. d4 d5 6. Bd3 Bd6 7. O-O O-O 8. Nc3 Nxc3 9. bxc3 Bg4 10. Rb1 Nd7 11. Re1 Qf6 12. Bg5 Bxf3 13. Qd2 Bf4 14. Bxf4 Be4 15. Bxe4 dxe4 16. Rxe4 Rac8 17. Rbe1 h6 18. c4 Qg6 19. Re7 Nf6 20. Bxc7 Qf5 21. Qd3 Qh5 22. d5 Nh7 23. d6 Ng5 24. Qg3 Ne6 25. R1xe6 Rxc7 26. dxc7 1-0


[Site "https://www.chess.com"]

[Event "Titled Tuesday Blitz May 9 Early 2023"]
[White "Koridze, Lile"]
[Black "Shaik Sumer Arsh"]
[WhiteFideId "13612514"]
[BlackFideId "45020000"]
[WhiteElo "2047"]
[BlackElo "2350"]
[Result "1-0"]
[Round "03"]
[TimeControl "180+2"]
[Date "2023.05.09"]
[WhiteClock "0:01:32"]
[BlackClock "0:00:45"]

1. d4 Nf6 2. c4 e6 3. Nf3 d5 4. g3 Bb4+ 5. Bd2 Be7 6. Bg2 O-O 7. O-O Nbd7 8. Qc2 Ne4 9. b3 c6 10. Bc3 f5 11. Nbd2 a5 12. Bb2 Bd6 13. Ne5 Nxe5 14. dxe5 Bb4 15. Nxe4 fxe4 16. f3 exf3 17. exf3 Qb6+ 18. Kh1 Bd7 19. Rad1 a4 20. f4 axb3 21. axb3 Ra2 22. Qb1 Qa5 23. f5 Qa6 24. fxe6 Rxf1+ 25. Bxf1 Bxe6 26. cxd5 Bxd5+ 27. Rxd5 Rxb2 28. Rd8+ Bf8 29. Rxf8+ Kxf8 30. Qf5+ 1-0


[Site "https://www.chess.com"]

[Event "Titled Tuesday Blitz May 9 Early 2023"]
[White "Mouhamad, Joachim"]
[Black "Domingo Nunez, Ruben"]
[WhiteFideId "656410"]
[BlackFideId "22245570"]
[WhiteElo "2125"]
[BlackElo "2404"]
[Result "0-1"]
[Round "03"]
[TimeControl "180+2"]
[Date "2023.05.09"]
[WhiteClock "0:00:01"]
[BlackClock "0:00:43"]

1. e4 Nc6 2. Nf3 d5 3. exd5 Qxd5 4. Nc3 Qa5 5. d4 Bg4 6. h3 Qh5 7. Bb5 O-O-O 8. Bxc6 bxc6 9. Be3 e5 10. d5 Bb4 11. Qe2 Rxd5 12. Qa6+ Kd7 13. hxg4 Qxh1+ 14. Ke2 Qxa1 15. Nxd5 Bd6 16. Nb4 Ne7 17. Nd3 f6 18. Nc5+ Bxc5 19. Bxc5 Qxb2 20. Qd3+ Nd5 21. g3 e4 22. Qxe4 Nc3+ 0-1


[Site "https://www.chess.com"]

[Event "Titled Tuesday Blitz May 9 Early 2023"]
[White "Yaniuk, Volodymyr"]
[Black "Salman, Pavel"]
[WhiteFideId "14133083"]
[BlackFideId "24153753"]
[WhiteElo "2141"]
[BlackElo "2187"]
[Result "1/2-1/2"]
[Round "03"]
[TimeControl "180+2"]
[Date "2023.05.09"]
[WhiteClock "0:00:07"]
[BlackClock "0:00:08"]

1. c4 Nf6 2. d4 c5 3. d5 b5 4. cxb5 a6 5. f3 e6 6. e4 c4 7. Nc3 axb5 8. e5 Nxd5 9. Nxd5 exd5 10. Qxd5 Nc6 11. Be3 Bb4+ 12. Kf2 O-O 13. Qxb5 c3 14. bxc3 Bxc3 15. Rc1 Rxa2+ 16. Ne2 Qa5 17. Qxa5 Bxa5 18. f4 f6 19. exf6 Rxf6 20. g3 Ba6 21. Rg1 Re6 22. g4 Rxe3 23. Kxe3 Bd2+ 24. Ke4 Bxe2 25. Bxe2 d5+ 26. Kxd5 Bxc1 27. Kxc6 Rxe2 28. Rxc1 Rxh2 29. Kd5 h6 30. Ke4 Ra2 31. Rc4 Ra5 32. Kf3 Kh7 33. Kg3 Kg6 34. Kh4 Ra6 35. f5+ Kh7 36. Rc7 Rb6 37. Kh5 Ra6 38. Re7 Ra1 39. Kh4 Rh1+ 40. Kg3 Rf1 41. Ra7 Kg8 42. Kh4 Rf2 43. Kh5 Kh7 44. Kh4 Rf1 45. Kg3 Kg8 46. Kg2 Rb1 47. Kf3 Rb4 48. Kg3 Rb3+ 49. Kh4 Rb1 50. Kh5 Kh7 51. Kh4 Rf1 52. Ra8 Rh1+ 53. Kg3 Rb1 54. Rd8 Rb7 55. Rd6 Ra7 56. Kf4 Kg8 57. Re6 Kh7 58. Re4 Ra5 59. Rd4 Ra1 60. Re4 Rf1+ 61. Ke5 Rg1 62. Ke6 Ra1 63. Kf7 Ra7+ 64. Re7 Ra6 65. Re6 Ra7+ 66. Re7 Ra6 67. Ke8 Rb6 68. Kd7 Kg8 69. Re8+ Kh7 70. Re7 Kg8 71. Re6 Rb4 72. Re8+ Kh7 73. Re7 Rf4 74. Kd6 h5 75. gxh5 Rxf5 76. Re5 Rxe5 77. Kxe5 Kh6 78. Kf4 Kxh5 79. Kf5 Kh4 80. Kg6 Kg4 81. Kxg7 1/2-1/2


[Site "https://www.chess.com"]

[Event "Titled Tuesday Blitz May 9 Early 2023"]
[White "Sargissyan, Sargis"]
[Black "Omranalhosani21"]
[WhiteFideId "13303210"]
[WhiteElo "2109"]
[BlackElo "2590"]
[Result "0-1"]
[Round "03"]
[TimeControl "180+2"]
[Date "2023.05.09"]
[WhiteClock "0:00:00"]
[BlackClock "0:00:09"]

1. e4 e5 2. Nf3 Nc6 3. Bb5 a6 4. Ba4 Nf6 5. d3 b5 6. Bb3 Be7 7. Nc3 O-O 8. a4 Rb8 9. axb5 axb5 10. O-O d6 11. Nd5 Bg4 12. c3 Re8 13. h3 Bh5 14. Nxf6+ Bxf6 15. g4 Bg6 16. Kg2 h6 17. Ra6 Qd7 18. Be3 Ne7 19. Rg1 c5 20. Kh2 c4 21. Bc2 d5 22. exd5 Qxd5 23. dxc4 Qb7 24. Ra7 Bxc2 25. Qxc2 Qxf3 26. cxb5 e4 27. b6 Be5+ 28. Rg3 Bxg3+ 0-1


[Site "https://www.chess.com"]

[Event "Titled Tuesday Blitz May 9 Early 2023"]
[White "Titichoca Daza, Daniel"]
[Black "Ismagilov, Damir"]
[WhiteFideId "3309550"]
[BlackFideId "34199982"]
[WhiteElo "2101"]
[BlackElo "2143"]
[Result "1/2-1/2"]
[Round "03"]
[TimeControl "180+2"]
[Date "2023.05.09"]
[WhiteClock "0:00:12"]
[BlackClock "0:00:06"]

1. d4 Nf6 2. c4 e6 3. Nf3 d5 4. Nbd2 c5 5. dxc5 Bxc5 6. cxd5 Nxd5 7. a3 O-O 8. b4 Bb6 9. Bb2 Nc6 10. Nc4 Bc7 11. e3 f6 12. Qc2 Qe8 13. Bd3 f5 14. b5 Na5 15. O-O Nxc4 16. Bxc4 Nf6 17. Qxf5 Bd7 18. Rfd1 Rc8 19. Rxd7 Nxd7 20. Qxe6+ Kh8 21. Rd1 Nf6 22. Qh3 Bxh2+ 23. Kxh2 Rxc4 24. Nd4 Rc5 25. Kg1 Rh5 26. Qg3 Ne4 27. Qc7 Qf7 28. Qxf7 Rxf7 29. f3 Nf6 30. Ne6 h6 31. Rd8+ Kh7 32. Nf8+ Kg8 33. Ne6+ Kh7 34. Nf8+ Kg8 35. Ne6+ Kh7 1/2-1/2


[Site "https://www.chess.com"]

[Event "Titled Tuesday Blitz May 9 Early 2023"]
[White "Ingebretsen, Jens E"]
[Black "electrosaw"]
[WhiteFideId "1522965"]
[WhiteElo "2213"]
[BlackElo "2423"]
[Result "0-1"]
[Round "03"]
[TimeControl "180+2"]
[Date "2023.05.09"]
[WhiteClock "0:01:04"]
[BlackClock "0:01:45"]

1. e4 c5 2. Nf3 Nc6 3. d4 cxd4 4. Nxd4 g6 5. Be3 Bg7 6. c3 Nf6 7. Nd2 O-O 8. Be2 d5 9. Nxc6 bxc6 10. Qc2 dxe4 11. Nxe4 Nxe4 12. Qxe4 Bf5 13. Qc4 Rb8 14. b4 Qd5 15. Qxd5 cxd5 16. Kd2 Rfc8 17. Rac1 a5 18. a3 axb4 19. cxb4 Bb2 20. Ba6 Bxc1+ 21. Rxc1 Rxc1 22. Kxc1 e5 23. Bc5 Ra8 24. Bb7 Rxa3 25. Kb2 Rd3 26. b5 d4 27. b6 Be6 28. Kc2 Rc3+ 29. Kb2 Rxc5 30. Ba6 Rc6 31. b7 Rb6+ 32. Ka3 Bd5 33. Ka4 Rxa6+ 34. Kb5 Bxb7 0-1


[Site "https://www.chess.com"]

[Event "Titled Tuesday Blitz May 9 Early 2023"]
[White "Balla, Tamas-Kristof"]
[Black "Nikologorskiy, Konstantin"]
[WhiteFideId "1208497"]
[BlackFideId "24111708"]
[WhiteElo "2334"]
[BlackElo "2273"]
[Result "0-1"]
[Round "03"]
[TimeControl "180+2"]
[Date "2023.05.09"]
[WhiteClock "0:00:04"]
[BlackClock "0:00:31"]

1. e4 c5 2. Nf3 d6 3. d4 cxd4 4. Qxd4 Nf6 5. h3 Nc6 6. Qe3 e5 7. Be2 Be7 8. O-O O-O 9. Rd1 h6 10. c4 Be6 11. b3 Nh7 12. Bb2 Qe8 13. Nc3 f5 14. exf5 Bxf5 15. Nd5 Bd8 16. Nh2 Qg6 17. Bg4 Ng5 18. Nc3 Nd4 19. Nd5 Nc2 20. Bxf5 Qxf5 21. Qe2 Nxa1 22. Bxa1 Ne6 23. Ne3 Qg5 24. Rxd6 Nf4 25. Qg4 Qe7 26. Rd7 Qf6 27. Nd5 Qg6 28. Nxf4 Qxg4 29. Nxg4 Rxf4 30. Bxe5 Rf7 31. Rd3 a5 32. Rg3 Kh7 33. Rd3 a4 34. Ne3 axb3 35. axb3 Bb6 36. Bd4 Bxd4 37. Rxd4 Ra1+ 38. Kh2 Rxf2 39. Ng4 Rb2 40. Rd7 Raa2 41. Ne3 Re2 42. Re7 Rab2 43. Nf5 Rxe7 44. Nxe7 Rxb3 45. Nd5 Rb2 46. c5 Rc2 0-1


[Site "https://www.chess.com"]

[Event "Titled Tuesday Blitz May 9 Early 2023"]
[White "Kleiman, Jake"]
[Black "Khromkin"]
[WhiteFideId "2020041"]
[WhiteElo "2577"]
[BlackElo "2416"]
[Result "1-0"]
[Round "03"]
[TimeControl "180+2"]
[Date "2023.05.09"]
[WhiteClock "0:00:41"]
[BlackClock "0:00:05"]

1. e4 c5 2. c3 d5 3. exd5 Qxd5 4. d4 cxd4 5. cxd4 Nc6 6. Nf3 Bg4 7. Nc3 Bxf3 8. gxf3 Qxd4 9. Qxd4 Nxd4 10. Nb5 Nc2+ 11. Kd1 Nxa1 12. Nc7+ Kd7 13. Nxa8 g6 14. Be3 Bh6 15. Bb5+ Kd6 16. Bxa7 Nf6 17. Nb6 Kc5 18. Bd3 Rd8 19. Ke2 Nh5 20. Nc4+ Kb4 21. Be3 Bxe3 22. fxe3 Nc2 23. Rc1 b5 24. Ne5 Rd5 25. Nc6+ Kc5 26. Rxc2+ Kb6 27. Nxe7 Re5 28. Nc8+ Ka5 29. Kd2 Re6 30. Rc5 Ka6 31. a4 Kb7 32. Bxb5 Nf6 33. e4 Nh5 34. Ke3 Ng7 35. a5 Nf5+ 36. Kd3 Nh4 37. a6+ Ka8 38. Bc6+ Rxc6 39. Rxc6 Nxf3 40. Kc3 Ne5 41. Rc7 1-0


[Site "https://www.chess.com"]

[Event "Titled Tuesday Blitz May 9 Early 2023"]
[White "Chan, Kim Yew"]
[Black "Bruedigam, Martin"]
[WhiteFideId "5717981"]
[BlackFideId "24608033"]
[WhiteElo "2206"]
[BlackElo "2331"]
[Result "0-1"]
[Round "03"]
[TimeControl "180+2"]
[Date "2023.05.09"]
[WhiteClock "0:00:01"]
[BlackClock "0:00:58"]

1. e4 c6 2. d4 d5 3. exd5 cxd5 4. Bd3 Nc6 5. c3 Nf6 6. Nf3 Bg4 7. h3 Bh5 8. O-O e6 9. Bf4 Be7 10. Nbd2 O-O 11. Re1 a6 12. Qc2 Bg6 13. Ne5 Nxe5 14. Bxe5 b5 15. Bxg6 hxg6 16. b3 Qd7 17. a4 Rfc8 18. Qd3 Qc6 19. Rec1 Nd7 20. Bg3 Bg5 21. Rc2 Bxd2 22. Qxd2 Nb6 23. a5 Nd7 24. Rac1 Nf6 25. Be5 Qd7 26. Bxf6 gxf6 27. g3 Kg7 28. Kg2 Rc6 29. h4 Rac8 30. Qf4 b4 31. c4 dxc4 32. Rxc4 Rxc4 33. bxc4 Rxc4 34. Rxc4 Qd5+ 35. Kh2 Qxc4 36. h5 gxh5 37. Qf3 Qb5 38. g4 b3 39. gxh5 b2 40. Qg4+ Kh6 41. Qf4+ Kxh5 42. Qxf6 b1=Q 43. Qh8+ Kg6 44. Qg8+ Kf6 45. Qd8+ Kf5 46. Qh4 Qb8+ 47. Kg2 Qe4+ 0-1


[Site "https://www.chess.com"]

[Event "Titled Tuesday Blitz May 9 Early 2023"]
[White "Hnydiuk, Aleksander"]
[Black "Szyszylo, Rafal"]
[WhiteFideId "1109057"]
[BlackFideId "1109626"]
[WhiteElo "2374"]
[BlackElo "1951"]
[Result "1-0"]
[Round "03"]
[TimeControl "180+2"]
[Date "2023.05.09"]
[WhiteClock "0:00:26"]
[BlackClock "0:00:00"]

1. e4 d6 2. d4 Nf6 3. Nc3 g6 4. Be3 c6 5. Qd2 b5 6. f3 Nbd7 7. a4 b4 8. Nd1 a5 9. Bd3 c5 10. Ne2 Bg7 11. c3 O-O 12. O-O cxd4 13. cxd4 e5 14. Bb5 Bb7 15. Nf2 d5 16. Ng3 dxe4 17. Nfxe4 Nxe4 18. Nxe4 Bxe4 19. fxe4 exd4 20. Bxd4 Ne5 21. Rad1 Qh4 22. Qf2 Qxf2+ 23. Rxf2 Rad8 24. Rfd2 Rd6 25. Bc5 Rxd2 26. Rxd2 Rc8 27. Bb6 Ng4 28. Rd8+ Rxd8 29. Bxd8 Bxb2 30. Bxa5 Bd4+ 31. Kf1 b3 32. Bd3 Nxh2+ 33. Ke2 Ng4 34. Bc7 Ne5 35. a5 b2 36. Bb1 Nc6 37. Bb6 1-0


[Site "https://www.chess.com"]

[Event "Titled Tuesday Blitz May 9 Early 2023"]
[White "Munkhgal, Gombosuren"]
[Black "Gheorghiu, Calin"]
[WhiteFideId "4901266"]
[BlackFideId "1200305"]
[WhiteElo "2528"]
[BlackElo "2223"]
[Result "0-1"]
[Round "03"]
[TimeControl "180+2"]
[Date "2023.05.09"]
[WhiteClock "0:02:13"]
[BlackClock "0:01:32"]

1. e4 c5 2. Nf3 d6 3. b3 Nf6 4. Nc3 g6 5. Bb2 Bg7 6. Nd5 Nbd7 7. Bb5 O-O 8. Bxd7 Nxd7 9. Bxg7 Kxg7 10. O-O b6 11. d4 Bb7 12. Ne3 Bxe4 13. Re1 Nf6 14. c4 Bxf3 15. Qxf3 cxd4 16. Nd5 e5 17. Rad1 Rc8 18. h4 Nxd5 19. Qxd5 Rc5 20. Qe4 f5 21. Qf3 Qxh4 22. g3 Qg4 23. Qb7+ Rf7 24. Qb8 f4 25. Kg2 f3+ 26. Kh2 Qh5+ 0-1


[Site "https://www.chess.com"]

[Event "Titled Tuesday Blitz May 9 Early 2023"]
[White "Fan_Of_Chucky"]
[Black "Reprintsev, Alexander"]
[BlackFideId "14100541"]
[WhiteElo "2407"]
[BlackElo "2218"]
[Result "1/2-1/2"]
[Round "03"]
[TimeControl "180+2"]
[Date "2023.05.09"]
[WhiteClock "0:00:03"]
[BlackClock "0:00:29"]

1. d4 d5 2. c4 e5 3. dxe5 d4 4. Nf3 Nc6 5. g3 Nge7 6. Bg2 Ng6 7. Nbd2 Ngxe5 8. O-O Nxf3+ 9. Nxf3 Be7 10. Bf4 O-O 11. Ne5 Nxe5 12. Bxe5 c5 13. b4 f6 14. Bf4 cxb4 15. Bd5+ Kh8 16. Qxd4 b6 17. Rfd1 Bc5 18. Qd3 Bh3 19. Bxa8 Qxa8 20. Qf3 Qc8 21. Bd6 Re8 22. Rac1 Bg4 23. Qd5 Bxe2 24. Re1 Bxd6 25. Qxd6 Rd8 26. Qxb4 Bf3 27. Qe7 Rg8 28. Rc3 Ba8 29. Qxa7 Qc6 30. f3 Qc5+ 31. Kg2 g5 32. g4 Qd4 33. Rce3 Qxg4+ 34. Kf2 Qh4+ 35. Kf1 Qxh2 36. Qf7 Qh1+ 37. Kf2 Qh2+ 38. Kf1 Qh1+ 39. Kf2 Qh2+ 40. Kf1 1/2-1/2


[Site "https://www.chess.com"]

[Event "Titled Tuesday Blitz May 9 Early 2023"]
[White "Golubev, Mikhail"]
[Black "Janaszak, Dawid"]
[WhiteFideId "14100983"]
[BlackFideId "1119206"]
[WhiteElo "2374"]
[BlackElo "2220"]
[Result "1-0"]
[Round "03"]
[TimeControl "180+2"]
[Date "2023.05.09"]
[WhiteClock "0:01:06"]
[BlackClock "0:01:02"]

1. e4 c5 2. Nf3 Nc6 3. Nc3 e6 4. d4 cxd4 5. Nxd4 Qc7 6. Be3 a6 7. Bd3 Nf6 8. O-O d6 9. Kh1 Bd7 10. f4 Be7 11. Qf3 h5 12. a3 Ng4 13. Bg1 Bf6 14. Nde2 g5 15. e5 dxe5 16. fxg5 Bxg5 17. Qxf7+ Kd8 18. Qg7 Re8 19. Qxg5+ Kc8 20. Ne4 b6 21. Rad1 Kb7 22. Nd6+ Ka7 23. Nxe8 Rxe8 24. Be4 Nd4 25. Nxd4 exd4 26. Rxd4 Bb5 27. Rfd1 Re7 28. Rd6 Rg7 29. Bxb6+ 1-0


[Site "https://www.chess.com"]

[Event "Titled Tuesday Blitz May 9 Early 2023"]
[White "Pajeken, Jakob Leon"]
[Black "Tarasova, Viktoriya"]
[WhiteFideId "12942839"]
[BlackFideId "4175840"]
[WhiteElo "2405"]
[BlackElo "2182"]
[Result "1-0"]
[Round "03"]
[TimeControl "180+2"]
[Date "2023.05.09"]
[WhiteClock "0:00:33"]
[BlackClock "0:00:00"]

1. d4 Nf6 2. Nf3 e6 3. Bf4 d5 4. e3 c5 5. c3 Bd6 6. Bb5+ Nc6 7. Bxc6+ bxc6 8. Bxd6 Qxd6 9. Qa4 cxd4 10. cxd4 O-O 11. O-O c5 12. Qa3 Ne4 13. Rc1 c4 14. Qxd6 Nxd6 15. b3 Ba6 16. b4 Rab8 17. a3 Bc8 18. Nc3 f6 19. Nd2 Bd7 20. e4 Bc6 21. f3 Rfd8 22. Re1 Rb7 23. e5 fxe5 24. Rxe5 Bd7 25. Rae1 Nf7 26. R5e3 Rb6 27. f4 g6 28. g4 Kg7 29. Nf3 Ra8 30. Ne5 Nxe5 31. Rxe5 Rd6 32. f5 gxf5 33. gxf5 Kf6 34. fxe6 Bxe6 35. Rxe6+ Rxe6 36. Nxd5+ Kf7 37. Rf1+ Kg7 38. Nf4 Re4 39. d5 Kh6 40. Ne6 Rg8+ 41. Kh1 Re2 42. Rd1 c3 43. Nd4 Rd2 44. Nf5+ Kh5 45. Rf1 c2 46. Ne3 Re2 47. Nf5 Rc8 48. Ng3+ Kg4 49. Nxe2 c1=Q 50. Rxc1 1-0


[Site "https://www.chess.com"]

[Event "Titled Tuesday Blitz May 9 Early 2023"]
[White "SashaKuzhilniy"]
[Black "Feinig, Mario"]
[BlackFideId "1618113"]
[WhiteElo "2573"]
[BlackElo "2163"]
[Result "1-0"]
[Round "03"]
[TimeControl "180+2"]
[Date "2023.05.09"]
[WhiteClock "0:00:14"]
[BlackClock "0:00:00"]

1. b3 Nh6 2. e4 g6 3. Bb2 f6 4. d4 Bg7 5. Nd2 Nf7 6. h4 e5 7. h5 g5 8. Be2 h6 9. Bg4 Nc6 10. Ne2 Ne7 11. Ng3 d6 12. Qf3 Bxg4 13. Qxg4 Qd7 14. Qf3 O-O 15. O-O-O exd4 16. Bxd4 Ne5 17. Bxe5 fxe5 18. Qe2 a5 19. a4 Rfb8 20. Qb5 c6 21. Qd3 b5 22. Ndf1 d5 23. Ne3 bxa4 24. bxa4 Rb4 25. Nef5 Rab8 26. f3 Bf8 27. Nxe7+ Qxe7 28. exd5 Rd4 29. Qg6+ Bg7 30. Qe6+ Qxe6 31. dxe6 Rxa4 32. Rd7 e4 33. Kd2 exf3 34. gxf3 Rf4 35. Ke3 Re8 36. Ne4 Rxe6 37. Rb1 c5 38. Rb8+ Rf8 39. Rxf8+ Kxf8 40. Kd3 Bd4 41. Ra7 Rb6 42. Rxa5 Rb1 43. Nxc5 Bxc5 44. Rxc5 Rf1 45. Ke3 Ke7 46. Rc6 Re1+ 47. Kd2 Rf1 48. Ke2 Rc1 49. c4 Rc3 50. Kf2 Kf7 51. Rxh6 Rxc4 52. Rg6 Rc5 53. Kg3 1-0


[Site "https://www.chess.com"]

[Event "Titled Tuesday Blitz May 9 Early 2023"]
[White "Maurizzi, Marc`Andria"]
[Black "Mika, Tomasz"]
[WhiteFideId "36083534"]
[BlackFideId "1132970"]
[WhiteElo "2421"]
[BlackElo "2179"]
[Result "1-0"]
[Round "03"]
[TimeControl "180+2"]
[Date "2023.05.09"]
[WhiteClock "0:01:15"]
[BlackClock "0:00:00"]

1. Nf3 Nf6 2. d4 d5 3. Bf4 c5 4. e3 Nc6 5. Nbd2 cxd4 6. exd4 Bg4 7. c3 e6 8. Qb3 Qd7 9. Ne5 Qc8 10. Bb5 Bf5 11. Qa4 a6 12. Bxc6+ bxc6 13. Nxc6 Nd7 14. Ne5 Ra7 15. Nb3 f6 16. Nxd7 Rxd7 17. O-O Be7 18. Rfe1 Kf7 19. Na5 g5 20. Bd2 h5 21. Rac1 h4 22. c4 dxc4 23. Rxc4 Qe8 24. Nc6 Bd6 25. d5 e5 26. Bb4 h3 27. g3 Bxb4 28. Nxb4 Qd8 29. Nc6 Qa8 30. g4 Bxg4 31. Rxg4 Rxd5 32. Qc4 Kg7 33. Qxd5 Rc8 34. Qd7+ Kg6 35. Nxe5+ fxe5 36. Qe6+ Kh5 37. Rg3 Qg2+ 38. Rxg2 1-0


[Site "https://www.chess.com"]

[Event "Titled Tuesday Blitz May 9 Early 2023"]
[White "Xie, Bryan"]
[Black "Brunner, Nicolas"]
[WhiteFideId "30941296"]
[BlackFideId "620246"]
[WhiteElo "2033"]
[BlackElo "2327"]
[Result "1-0"]
[Round "03"]
[TimeControl "180+2"]
[Date "2023.05.09"]
[WhiteClock "0:01:34"]
[BlackClock "0:00:31"]

1. e4 e5 2. Nf3 Nf6 3. Nxe5 d6 4. Nf3 Nxe4 5. d3 Nf6 6. d4 d5 7. Bd3 Bd6 8. O-O O-O 9. h3 h6 10. Re1 c6 11. Ne5 Re8 12. Bf4 Bf8 13. Nd2 Nbd7 14. c3 Nxe5 15. dxe5 Nd7 16. Qh5 Nc5 17. Bc2 Be6 18. Nf3 Qd7 19. Nd4 a5 20. b4 axb4 21. cxb4 Na4 22. Nxe6 Qxe6 23. Bf5 Qe7 24. e6 fxe6 25. Rxe6 Qf7 26. Bh7+ 1-0


[Site "https://www.chess.com"]

[Event "Titled Tuesday Blitz May 9 Early 2023"]
[White "Van Dael, Siem"]
[Black "Shevtchenko, Olesya"]
[WhiteFideId "1049771"]
[BlackFideId "24131890"]
[WhiteElo "2336"]
[BlackElo "2003"]
[Result "1-0"]
[Round "03"]
[TimeControl "180+2"]
[Date "2023.05.09"]
[WhiteClock "0:00:53"]
[BlackClock "0:00:28"]

1. e4 c6 2. d4 d5 3. Nd2 dxe4 4. Nxe4 Nf6 5. Nxf6+ exf6 6. c3 Bd6 7. Bd3 Na6 8. Qc2 h5 9. Ne2 Nc7 10. Bf4 h4 11. O-O-O Kf8 12. Rhe1 Be6 13. Kb1 a5 14. Bxd6+ Qxd6 15. g3 a4 16. c4 g6 17. Nf4 Bg4 18. Rd2 hxg3 19. fxg3 Ne6 20. Nxe6+ Bxe6 21. d5 cxd5 22. c5 Qc6 23. Qc3 Bh3 24. Rf2 Kg7 25. Bb5 Qxb5 26. Qxf6+ Kh6 27. Qf4+ Kh5 28. Qh4# 1-0


[Site "https://www.chess.com"]